 Dungeon Crawl Stone Soup version 0.21.1-1-g345015fe64 (webtiles) character file.

11808 Naru the Severer (level 11, -7/100 HPs)
             Began as a Hill Orc Fighter on June 20, 2018.
             Was a Believer of Beogh.
             Mangled by Snorg (10 damage)
             ... on level 11 of the Dungeon.
             The game lasted 00:22:45 (11907 turns).

Naru the Severer (Hill Orc Fighter)                Turns: 11907, Time: 00:22:46

Health: -7/100     AC: 18    Str: 20      XL:     11   Next: 83%
Magic:  14/14      EV:  6    Int: 10      God:    Beogh [**....]
Gold:   610        SH: 11    Dex:  9 (11) Spells: 10/10 levels left

rFire    . . .     SeeInvis .   a - +1 war axe
rCold    . . .     Gourm    .   c - +0 shield
rNeg     . . .     Faith    .   t - +0 plate armour
rPois    +         Spirit   .   C - +1 helmet
rElec    .         Reflect  .   (no cloak)
rCorr    .         Harm     .   h - +0 pair of gloves
MR       +....                  u - +0 pair of boots
Stlth    ..........             k - amulet of rage
HPRegen  0.26/turn              s - ring of poison resistance
MPRegen  0.14/turn              w - ring of protection from magic

@: invisible
A: no striking features
a: Smiting, Renounce Religion, Evoke Berserk Rage


You were on level 11 of the Dungeon.
You worshipped Beogh.
Beogh was pleased with you.
You were not hungry.

You visited 1 branch of the dungeon, and saw 11 of its levels.
You also visited: Sewer.

You collected 610 gold pieces.

Inventory:

Hand Weapons
 a - a +1 war axe (weapon)
 p - a +2 eveningstar of venom
 E - a +5 battleaxe
Missiles
 i - 3 javelins of returning
 v - 16 tomahawks (quivered)
 y - 5 throwing nets
 D - 5 silver javelins
Armour
 c - a +0 shield (worn)
 h - a +0 pair of gloves (worn)
 t - a +0 plate armour (worn)
 u - a +0 pair of boots (worn)
 C - a +1 helmet (worn)
Jewellery
 k - an amulet of rage (around neck)
 s - a ring of poison resistance (left hand)
 w - a ring of protection from magic (right hand)
 G - a +5 ring of intelligence
Wands
 b - a wand of flame (45)
 z - a wand of paralysis (10)
Scrolls
 g - 5 scrolls of blinking
 j - 2 scrolls of teleportation
 m - 5 scrolls of remove curse
 r - a scroll of fear
 x - a scroll of amnesia
 F - a scroll of identify
Potions
 d - 2 potions of resistance
 e - 2 potions of curing
 l - 2 potions of brilliance
 o - a potion of agility
 q - 3 potions of mutation
 B - a potion of might
Miscellaneous
 n - a fan of gales (inert)
Comestibles
 f - 12 rations


   Skills:
 * Level 10.2 Fighting
 * Level 15.0 Axes
 + Level 7.3 Armour
 + Level 1.8 Dodging
 * Level 10.1 Shields
 * Level 4.1 Invocations
 - Level 2.0 Evocations


You had 10 spell levels left.
You didn't know any spells.

Dungeon Overview and Level Annotations

Branches:
Dungeon (11/15)            Temple (0/1) D:4            Lair (0/6) D:10
    Orc: D:9-12

Altars:
Ashenzari
Gozag
Hepliaklqana
Makhleb
Nemelex Xobeh
Qazlal
Sif Muna
Vehumet
Yredelemnul

Annotations:
D:11 Snorg


Message History

Snorg is lightly wounded.
You block Snorg's attack. Snorg claws you. Snorg claws you!
You slice Snorg!!
Snorg is lightly wounded.
Snorg bites you. Snorg barely misses you. x2
You slice Snorg!!
Snorg is moderately wounded.
Snorg bites you!
* * * LOW HITPOINT WARNING * * *
Snorg closely misses you. You block Snorg's attack.
You hit Snorg.
Snorg is moderately wounded.
Snorg bites you!
* * * LOW HITPOINT WARNING * * *
Snorg claws you.
* * * LOW HITPOINT WARNING * * *
Snorg claws you but does no damage.
You fade into invisibility!
You block Snorg's attack. Snorg claws you but does no damage. Snorg claws you!
You die...

### ..# #... ..# #... ..# #...
..# #... ..# #...
..################### #...
..'...W.....SOWT@...##########...
.S#################..........'...
..# ############... ..# ##'# ###
#.) ### ###.. ###########....
.........##.#..


You could see Snorg (berserk), a two-headed ogre, a wraith and an adder.

Vanquished Creatures
  2 two-headed ogres
  Erica (D:8)
  Urug (D:10)
  An unseen horror (D:10)
  The ghost of Naru the Cleaver, a novice HOMo of Beogh (D:5)
  The ghost of Hercules1031 the Chopper, a novice DsCK of Xom (D:7)
  Joseph (D:9)
  A centaur skeleton (D:11)
  A gargoyle (D:11)
  A troll (D:10)
  A hornet (D:11)
  A hippogriff (D:8)
  A shadow (D:11)
  Sigmund (D:4)
  A wyvern (D:10)
  6 yaks (D:8)
  A hungry ghost (D:7)
  A steam dragon (D:7)
  Menkaure (D:7)
  A soldier ant (D:10)
  3 orc warriors
  A sky beast (D:6)
  2 ice beasts
  4 ogres
  An eye of draining (D:10)
  2 phantoms
  5 centaurs
  3 big kobolds
  6 bullfrogs
  4 scorpions
  A water moccasin skeleton (D:6)
  2 killer bees (D:11)
  4 wights (D:7)
  An electric eel (D:8)
  3 howler monkeys
  5 crimson imps
  3 centaur zombies
  2 bullfrog zombies
  3 hounds
  4 jellies
  A quasit (D:11)
  A bullfrog skeleton (D:5)
  6 orc priests
  11 orc wizards
  2 iguanas
  Ijyb (D:4)
  6 worker ants
  A hound zombie (D:5)
  A hound skeleton (D:5)
  A howler monkey zombie (D:9)
  12 adders
  3 gnolls (D:3)
  20 oozes
  2 adder skeletons
  3 worms
  6 dart slugs
  25 leopard geckos
  40 orcs
  13 ball pythons
  13 giant cockroaches
  8 goblins
  6 hobgoblins
  5 jackals (D:7)
  21 kobolds
  5 quokkas
  8 bats
  16 frilled lizards
  8 rats
330 creatures vanquished.

Vanquished Creatures (others)
  An orc priest (D:8)
  An orc (D:8)
  A kobold (D:9)
3 creatures vanquished.

Grand Total: 333 creatures vanquished

Notes
Turn   | Place    | Note
-------+----------+-------------------------------------------
     0 | D:1      | Naru the Hill Orc Fighter began the quest for the Orb.
     0 | D:1      | Reached XP level 1. HP: 19/19 MP: 1/1
    68 | D:1      | Reached XP level 2. HP: 23/27 MP: 2/2
    80 | D:1      | Reached skill level 3 in Axes
   461 | D:1      | Reached XP level 3. HP: 33/33 MP: 3/3
   753 | D:2      | Reached skill level 4 in Axes
   791 | D:2      | Reached XP level 4. HP: 40/40 MP: 4/4
  1362 | D:3      | Found a glowing drain.
  1366 | Sewer    | Entered a sewer
  1397 | Sewer    | Reached XP level 5. HP: 36/47 MP: 5/5
  1537 | Sewer    | Reached skill level 5 in Axes
  1813 | Sewer    | Reached XP level 6. HP: 52/55 MP: 6/6
  1865 | Sewer    | Reached skill level 5 in Fighting
  1865 | Sewer    | Reached skill level 6 in Axes
  2303 | D:3      | Found a deep blue altar of Sif Muna.
  2570 | D:4      | Reached skill level 5 in Shields
  2855 | D:4      | Noticed Sigmund
  2862 | D:4      | Reached XP level 7. HP: 39/61 MP: 7/7
  3112 | D:4      | Killed Sigmund
  3112 | D:4      | Reached skill level 7 in Axes
  3401 | D:4      | Found a staircase to the Ecumenical Temple.
  3590 | D:4      | Noticed Ijyb
  3601 | D:4      | Killed Ijyb
  3780 | D:5      | Entered Level 5 of the Dungeon
  3873 | D:5      | Noticed Naru's ghost (novice HOMo)
  3916 | D:5      | Killed Naru's ghost
  3916 | D:5      | Reached skill level 9 in Axes
  3916 | D:5      | Reached XP level 8. HP: 16/70 MP: 8/8
  4141 | D:5      | Reached skill level 1 in Dodging
  4193 | D:5      | Found a basalt altar of Yredelemnul.
  4254 | D:5      | Reached skill level 5 in Armour
  4827 | D:6      | Found an opulent altar of Gozag.
  4918 | D:6      | Found a burning altar of Makhleb.
  5196 | D:6      | Reached skill level 10 in Axes
  5203 | D:6      | Reached XP level 9. HP: 26/78 MP: 9/9
  5922 | D:6      | Found a sparkling altar of Nemelex Xobeh.
  6106 | D:7      | Reached skill level 11 in Axes
  6114 | D:7      | Found a shattered altar of Ashenzari.
  6146 | D:7      | Found an opulent altar of Gozag.
  6383 | D:7      | Noticed Hercules1031's ghost (novice DsCK)
  6394 | D:7      | Killed Hercules1031's ghost
  6394 | D:7      | Reached skill level 12 in Axes
  6476 | D:7      | Reached XP level 10. HP: 66/88 MP: 10/10
  6539 | D:7      | Noticed Menkaure
  6546 | D:7      | Killed Menkaure
  7224 | D:8      | Became a worshipper of Beogh the Brigand
  7287 | D:8      | Found a stormy altar of Qazlal.
  7313 | D:8      | Reached skill level 13 in Axes
  7317 | D:8      | HP: 2/90 [yak (9)]
  7760 | D:8      | Reached * piety under Beogh
  7866 | D:8      | Noticed Erica
  7882 | D:8      | Killed Erica
  8728 | D:8      | Reached skill level 1 in Invocations
  8745 | D:9      | Noticed a two-headed ogre
  8775 | D:9      | Noticed Joseph
  8794 | D:8      | Killed a two-headed ogre
  8794 | D:8      | Reached skill level 14 in Axes
  8794 | D:8      | Reached skill level 1 in Evocations
  8794 | D:8      | Reached XP level 11. HP: 69/97 MP: 12/12
  9041 | D:9      | Found a radiant altar of Vehumet.
  9116 | D:9      | Killed Joseph
  9475 | D:10     | Entered Level 10 of the Dungeon
  9531 | D:10     | Noticed Urug
  9533 | D:10     | Reached ** piety under Beogh
  9560 | D:10     | Killed Urug
  9894 | D:10     | Found a staircase to the Lair.
  9924 | D:10     | Found a hazy altar of Hepliaklqana.
 10184 | D:10     | Noticed a two-headed ogre
 10193 | D:10     | Killed a two-headed ogre
 10238 | D:10     | Killed an unseen horror
 10927 | D:10     | Reached skill level 10 in Fighting
 11457 | D:11     | Reached skill level 10 in Shields
 11805 | D:11     | Reached skill level 15 in Axes
 11847 | D:11     | Noticed Snorg
 11850 | D:11     | Noticed a two-headed ogre
 11906 | D:11     | HP: 2/100 [Snorg (5)]
 11907 | D:11     | Mangled by Snorg

Skill      XL: |  1  2  3  4  5  6  7  8  9 10 11 |
---------------+----------------------------------+-----
Axes           | 3 4 5 6 9 10 12 14 15 | 15.0
Fighting       | 4 5 6 7 9 10 | 10.2
Shields        | 4 5 6 7 9 10 | 10.1
Armour         | 4 5 6 7 |  7.3
Dodging        | 1 |  1.8
Invocations    | 2 4 |  4.1
Evocations     | 1 2 |  2.0

Action                   |  1- 3 |  4- 6 |  7- 9 | 10-12 || total
-------------------------+-------+-------+-------+-------++-------
Melee: War axe           |    76 |   370 |   354 |   486 ||  1286
Throw: Tomahawk          |       |     1 |       |     4 ||     5
Invok: Convert to Beogh  |       |       |       |     1 ||     1
 Abil: Evoke Berserk Rag |       |       |       |     2 ||     2
Evoke: Wand              |       |       |       |    13 ||    13
       Fan of gales      |       |       |       |     1 ||     1
  Use: Potion            |       |     1 |     3 |     4 ||     8
       Scroll            |       |       |    11 |     8 ||    19
 Stab: Paralysed         |       |       |       |     7 ||     7
  Eat: Chunk             |       |     8 |     1 |     1 ||    10
       Ration            |       |       |     5 |     6 ||    11
Armor: Scale mail        |    34 |   214 |    67 |       ||   315
       Plate armour      |       |       |    63 |   268 ||   331
Dodge: Dodged            |    29 |   131 |    51 |    96 ||   307
Block: Shield            |    35 |   247 |   134 |   280 ||   696
